General information
- name: 2v2 obs sponsored by Jesus
- type: Custom game
- host: Christianity
- saver: TALONSAREIMBA
map: TurtleRock
- players: 12
- length: 14:15
- speed: Fast
- version: 1.24 W3XP
- replay type: Public
» download(137 KB)
Players
team 1 (loser)

»
Christianity (
pink | 149 APM | 2119 actions | 14:14)
3 Far Seer
2 Feral Spirit
1 Chain Lighting
3 Naga Sea Witch
1 Frost Arrows
2 Forked Lightning
» actions
| Assign group hotkey | 74 | |
| Basic commands | 32 | |
| Build / train | 49 | |
| ESC pressed | 2 | |
| Enter build submenu | 22 | |
| Enter hero's abilities submenu | 6 | |
| Give item / drop item | 1 | |
| Right click | 1102 | |
| Select / deselect | 351 | |
| Select group hotkey | 406 | |
| Use ability | 74 | |
2119 total
» units
| Peon | 9 | |
| Wind Rider | 7 | |
| Grunt | 1 | |
| Troll Headhunter/Berserker | 4 | |
21 total
» upgrades
| Ranged Weapons | 1 | |
| Ensnare | 1 | |
| Reinforced Defenses | 1 | |
3 total
» buildings
| Altar of Storms | 1 | |
| Orc Burrow | 5 | |
| War Mill | 1 | |
| Stronghold | 1 | |
| Watch Tower | 9 | |
| Voodoo Lounge | 1 | |
| Beastiary | 2 | |
| Fortress | 1 | |
| Great Hall | 1 | |
22 total
» build order
00:03 Altar of Storms
00:17 Orc Burrow
00:47 War Mill
02:01 Stronghold
02:18 Watch Tower
02:42 Watch Tower
02:44 Orc Burrow
03:44 Voodoo Lounge
03:53 Watch Tower
04:38 Beastiary
04:38 Beastiary
05:22 Orc Burrow
07:27 Orc Burrow
09:57 Fortress
10:44 Orc Burrow
11:10 Watch Tower
11:11 Watch Tower
11:24 Watch Tower
12:52 Watch Tower
12:57 Watch Tower
13:04 Watch Tower
13:28 Great Hall
» items
| Healing Salve | 6 | |
| Lesser Clarity Potion | 5 | |
| Potion of Healing | 2 | |
| Potion of Mana | 1 | |
| Scroll of Speed | 1 | |
15 total

»
Phoenixlike (
purple | 164 APM | 1679 actions | 10:12)
2 Far Seer
1 Feral Spirit
1 Chain Lighting
1 Shadow Hunter
1 Healing Wave
» actions
| Assign group hotkey | 10 | |
| Basic commands | 17 | |
| Build / train | 27 | |
| Enter build submenu | 12 | |
| Enter hero's abilities submenu | 3 | |
| Right click | 683 | |
| Select / deselect | 180 | |
| Select group hotkey | 718 | |
| Use ability | 29 | |
1679 total
» units
» upgrades
» buildings
| Altar of Storms | 1 | |
| Orc Burrow | 3 | |
| Barracks | 1 | |
| War Mill | 1 | |
| Voodoo Lounge | 1 | |
| Stronghold | 1 | |
| Beastiary | 1 | |
9 total
» build order
00:19 Altar of Storms
00:34 Orc Burrow
00:54 Barracks
01:29 War Mill
01:41 Orc Burrow
01:58 Voodoo Lounge
03:26 Stronghold
04:35 Orc Burrow
06:54 Beastiary
» items
| Healing Salve | 1 | |
| Potion of Healing | 1 | |
2 total
team 2 (winner)

»
TALONSAREIMBA (
red | 140 APM | 1997 actions | 14:15)
4 Keeper of the Grove
2 Entangling Roots
2 Thorns Aura
3 Priestess of the Moon
2 Trueshot Aura
1 Searing Arrows
» actions
| Assign group hotkey | 18 | |
| Basic commands | 143 | |
| Build / train | 45 | |
| Enter build submenu | 11 | |
| Enter hero's abilities submenu | 7 | |
| Give item / drop item | 1 | |
| Right click | 975 | |
| Select / deselect | 560 | |
| Select group hotkey | 189 | |
| Use ability | 48 | |
1997 total
» units
| Wisp | 20 | |
| Huntress | 6 | |
| Archer | 1 | |
| Dryad | 6 | |
33 total
» upgrades
» buildings
| Altar of Elders | 1 | |
| Moon Well | 5 | |
| Hunter's Hall | 1 | |
| Ancient of War | 2 | |
| Tree of Ages | 1 | |
| Ancient of Lore | 2 | |
| Tree of Eternity | 1 | |
13 total
» build order
00:03 Altar of Elders
00:06 Moon Well
01:32 Hunter's Hall
02:13 Ancient of War
02:14 Ancient of War
02:26 Moon Well
04:50 Moon Well
05:18 Tree of Ages
07:58 Ancient of Lore
07:59 Ancient of Lore
08:01 Moon Well
10:51 Tree of Eternity
12:34 Moon Well

»
RateD. (
yellow | 99 APM | 1416 actions | 14:14)
6 Pandaren Brewmaster
3 Breath of Fire
2 Drunken Haze
1 Storm Earth and Fire
» actions
| Assign group hotkey | 22 | |
| Basic commands | 44 | |
| Build / train | 65 | |
| ESC pressed | 4 | |
| Enter build submenu | 14 | |
| Enter hero's abilities submenu | 6 | |
| Give item / drop item | 5 | |
| Right click | 771 | |
| Select / deselect | 318 | |
| Select group hotkey | 90 | |
| Use ability | 77 | |
1416 total
» units
| Wisp | 14 | |
| Archer | 20 | |
| Dryad | 6 | |
| Druid of the Talon | 4 | |
| Hippogryph | 2 | |
46 total
» upgrades
| Improved Bows | 1 | |
| Abolish Magic | 1 | |
2 total
» buildings
| Ancient of War | 1 | |
| Moon Well | 4 | |
| Altar of Elders | 1 | |
| Tree of Ages | 2 | |
| Ancient of Wonders | 3 | |
| Hunter's Hall | 1 | |
| Ancient of Lore | 1 | |
| Ancient of Wind | 1 | |
14 total
» build order
00:08 Ancient of War
00:17 Moon Well
01:15 Altar of Elders
01:25 Moon Well
03:05 Moon Well
03:32 Tree of Ages
03:32 Tree of Ages
04:07 Ancient of Wonders
05:18 Hunter's Hall
07:06 Ancient of Lore
07:08 Ancient of Wind
07:25 Ancient of Wonders
08:53 Ancient of Wonders
09:55 Moon Well
» items
| Boots of Speed | 1 | |
| Scroll of Town Portal | 1 | |
| Potion of Lesser Invulnerability | 1 | |
| Scroll of Healing | 1 | |
| Scroll of Protection | 1 | |
| Potion of Mana | 1 | |
| Potion of Healing | 1 | |
7 total
observersbeheadmoth,
Qup.,
Elfdor,
xcell.,
Loversinlove,
Dalgar,
JJsuck,
DaRk-RanGerX Chat log
(00:13 / All) TALONSAREIMBA: I like d1ck
(00:19 / All) Christianity: we know
(00:24 / Allies) RateD.: can u scout early pretty plz
(00:41 / All) TALONSAREIMBA: Sam i dled crashhack
(00:50 / All) Christianity: cool man
(01:05 / All) Christianity: u use it with kodos?
(01:05 / All) TALONSAREIMBA: my hands are cold go ez
(01:12 / All) Christianity: ur azn
(01:22 / All) Christianity: cold hands cant stop u
(01:57 / Allies) TALONSAREIMBA: feed?
(02:04 / Allies) RateD.: tech prob
(05:02 / Allies) TALONSAREIMBA: ur amazing
(10:15 / All) TALONSAREIMBA: Lol
(10:25 / All) Christianity: its ok he has 20 food
(10:37 / All) TALONSAREIMBA: stop trolling sam
(10:41 / All) RateD.: samuel
(10:43 / All) RateD.: 1v1 me
(10:53 / All) Christianity: sure
(10:54 / All) RateD.: ill even come to ur base
(10:59 / All) Christianity: ur super panda
(11:57 / All) TALONSAREIMBA: rofl
(13:25 / All) RateD.: we not done samuel
(14:06 / All) Christianity: imba
(14:13 / All) Christianity: G
(14:13 / All) Christianity: G